 Dungeon Crawl Stone Soup version 0.31-a0-819-gf6de2f5ab6 (webtiles) character file.

Game seed: 6916657734102827871

63 Danienth the Insei (level 4, -9/28 HPs)
             Began as an Octopode Shapeshifter on Sept 25, 2023.
             Mangled by an iguana (10 damage)
             ... on level 3 of the Dungeon.
             The game lasted 00:06:36 (1382 turns).

Danienth the Insei (Octopode Shapeshifter)          Turns: 1382, Time: 00:06:37

Health: -9/28      AC:  1    Str: 13    XL:     4   Next: 9%
Magic:  4/4        EV: 13    Int: 12    God:
Gold:   14         SH:  0    Dex: 13    Spells: 3/3 levels left

rFire   . . .        h - +4 dagger (chaos)
rCold   . . .        (no shield)
rNeg    . . .        (helmet currently unavailable)
rPois   .            (no amulet)
rElec   .            (no ring)
rCorr   .            (no ring)
SInv    .            (no ring)
Will    +....        (no ring)
Stlth   +++          (no ring)
HPRegen 0.24/turn    (no ring)
MPRegen 0.09/turn    (no ring)
                     (no ring)

%: no passive effects
@: beast-form, enlightened, flying
A: beast (slay +1), almost no armour, amphibious, 8 rings, camouflage 1,
gelatinous body 1, (nimble swimmer 1), tentacles
a: Begin Untransformation


You were on level 3 of the Dungeon.
You were a hulking beast.
You visited 1 branch of the dungeon, and saw 3 of its levels.

You collected 110 gold pieces.
You spent 96 gold pieces at shops.

Inventory:

Hand Weapons
 d - a +0 dagger
 h - a +4 dagger of chaos (weapon)
Magical Staves
 e - a staff of cold
Talismans
 b - a beast talisman (active)
 c - a flux talisman
Scrolls
 i - a scroll of vulnerability
 j - a scroll of fog
 l - 2 scrolls of teleportation
Potions
 a - a potion of lignification
 f - a potion of resistance


   Skills:
 - Level 1.0 Fighting
 * Level 2.1 Short Blades
 - Level 2.0 Dodging
 - Level 3.1 Stealth
 - Level 3.4 Unarmed Combat
 - Level 3.0 Shapeshifting


You had 3 spell levels left.
You didn't know any spells.
Your spell library contained the following spells:

 Spells                   Type           Power      Damage    Failure   Level
 Call Canine Familiar     Summ           0%         N/A       69%         3
 Sigil of Binding         Hex            0%         N/A       69%         3
 Dimensional Bullseye     Hex/Tloc       0%         N/A       97%         4
 Leda's Liquefaction      Hex/Erth       0%         N/A       97%         4


Dungeon Overview and Level Annotations

Branches:
Dungeon (3/15)

Altars:

Shops:
D:2 *


Innate Abilities, Weirdness & Mutations

You are a hulking beast.
Your limbs bulge with bestial killing power. (Slay +1)
You cannot wear most types of armour.
You are amphibious.
You can wear up to eight rings at the same time.
Your skin changes colour to match your surroundings (Stealth+).
Your rubbery body absorbs attacks. (AC +1, EV +1)
((You are camouflaged when in or above water. (Stealth+)))
You have tentacles for arms and can constrict up to eight enemies at once.


Message History

An iguana, 2 orcs and a ball python come into view.
The iguana hisses angrily.
The ball python hisses angrily.
The orc shouts!
The orc shouts!
The orc shouts!
The ball python closely misses you. The ball python grabs you.
The ball python constricts you. The orc hits you but does no damage.
You hit the ball python.
The ball python is poisoned.
You grab the ball python. You squeeze the ball python.
You kill the ball python!
You hit the orc but do no damage. You grab the orc. You constrict the orc.
The orc misses you.
You puncture the orc!
You kill the orc!
The dead are walking!
The orc closely misses you. The iguana bites you!
Ouch! That really hurt!
You are too injured to fight recklessly!
You are too injured to fight recklessly!
You are too injured to fight recklessly!
Hit: h) +3 dagger (chaos)
Press: ? - help, Dir - move target, f - orc
Aim: an orc, wielding a +0 hand axe and wearing a +0 leather armour (about 32% to evade your +3 dagger of chaos)
You puncture the orc!
You kill the orc!
The orc closely misses you. The iguana closely misses you.
Hit: h) +3 dagger (chaos)
Press: ? - help, Dir - move target, f - iguana
Aim: an iguana (about 29% to evade your +3 dagger of chaos)
You closely miss the iguana. Your grab misses the iguana.
Your squeeze misses the iguana. The orc hits you with a +0 hand axe.
The iguana bites you!
* * * LOW HITPOINT WARNING * * *
It was a potion of enlightenment.
You feel very buoyant.
You fly up into the air.
The orc closely misses you. The iguana closely misses you.
As you read the scroll labelled TEGROT CECERPH, it crumbles to dust.
It is a scroll of enchant weapon.
Your +3 dagger of chaos glows red for a moment.
The iguana bites you!
You die...

#..... ........ .#
#..... #......##.##
#..... #......#....
#..... #.........##
#.....###...........
#.................#
#............)!#..#
#.....<.....hZ....#
#...........ol......
##[.................
###................
#...####.........
##### #.........
.#######.. . .#


You could see an iguana, an orc (ally target) and a friendly orc zombie.

Vanquished Creatures
  An adder (D:2)
  2 dart slugs
  A worm (D:2)
  2 orcs (D:3)
  2 endoplasms
  4 giant cockroaches
  5 goblins (D:1)
  5 hobgoblins
  A jackal (D:2)
  3 kobolds
  3 quokkas
  5 ball pythons
  2 bats
  2 frilled lizards
  5 rats
43 creatures vanquished.

Notes
Turn   | Place    | Note
-------+----------+-------------------------------------------
     0 | D:1      | Danienth the Octopode Shapeshifter began the quest for the
                  | Orb.
     0 | D:1      | Reached XP level 1. HP: 13/13 MP: 1/1
    26 | D:1      | Reached skill level 1 in Stealth
   115 | D:1      | Reached XP level 2. HP: 16/18 MP: 2/2
   490 | D:1      | Reached XP level 3. HP: 12/23 MP: 3/3
   958 | D:2      | Reached skill level 1 in Short Blades
  1298 | D:2      | Found Xuetun's Assorted Antiques.
  1308 | D:2      | Reached XP level 4. HP: 28/28 MP: 4/4
  1313 | D:2      | Bought a scroll labelled CIHOCE FEUSA for 16 gold pieces
  1313 | D:2      | Bought a scroll of identify for 32 gold pieces
  1313 | D:2      | Bought a scroll of identify for 32 gold pieces
  1313 | D:2      | Bought a scroll labelled TUAQOJA VUYSSO for 16 gold pieces
  1380 | D:3      | HP: 1/28 [iguana (9)]
  1382 | D:3      | Mangled by an iguana

Illustrated notes

Levels and vault maps discovered:
D:1:      sevenhm_arrival_forest_fort_large_1, layout_loops_ring,
          corexii_leaking_fountain
D:2:      layout_basic, serial_shops, shop, serial_bayou_pond_e,
          minmay_octomino_e4
D:3:      layout_basic, minmay_misc_feat_cross, minmay_misc_feat_enclosed,
          kennysheep_cluttered_room

Skill      XL: |  1  2  3 |
---------------+----------+-----
Stealth        | 1 3 |  3.1
Short Blades   | 2 |  2.1
Fighting       | |  1.0
Dodging        | |  2.0
Unarmed Combat | |  3.4
Shapeshifting  | |  3.0

Action                     |  1- 3 |  4- 6 || total
---------------------------+-------+-------++-------
  Melee: Unarmed           |    19 |       ||    19
         Constrict         |    12 |     2 ||    14
         Tentacles         |     5 |     1 ||     6
         Dagger            |    40 |     5 ||    45
         Punch             |     2 |       ||     2
    Use: Scroll            |     3 |     5 ||     8
         Potion            |       |     1 ||     1
   Stab: Sleeping          |    17 |       ||    17
 Armour: Skin              |    16 |     5 ||    21
  Dodge: Dodged            |    23 |     7 ||    30

Table legend: (Time is in decaauts)
 A = Elapsed time spent in this place.
 B = Non-inter-level travel time spent in this place.
 C = Inter-level travel time spent in this place.
 D = Time resting spent in this place.
 E = Time spent auto-exploring this place.
 F = Levels seen in this place.
 G = Mean time per level.
                   A        B        C        D        E       F      G
               +--------+--------+--------+--------+--------+-----+--------+
         Total |   1377 |   1289 |     88 |      0 |   1036 |   3 |  459.0 |
       Dungeon |   1377 |   1289 |     88 |      0 |   1036 |   3 |  459.0 |
               +--------+--------+--------+--------+--------+-----+--------+

Top non-repeatable levels by time:
     D:1: 805 daAuts
     D:2: 560 daAuts
     D:3: 12 daAuts
